 Dungeon Crawl Stone Soup version 0.25.0-9-g26727b657a (webtiles) character file.

Game seed: 1792770315644359103

709 theswoord the Carver (level 7, -4/50 HPs)
             Began as a Demonspawn Gladiator on June 16, 2020.
             Slain by an ice beast (13 damage)
             ... on level 5 of the Dungeon.
             The game lasted 00:05:27 (5143 turns).

theswoord the Carver (Demonspawn Gladiator)         Turns: 5143, Time: 00:05:27

Health: -4/50      AC: 14    Str: 15    XL:     7   Next: 40%
Magic:  7/7        EV: 10    Int: 10    God:
Gold:   254        SH:  0    Dex: 15    Spells: 6/6 levels left

rFire    . . .     SeeInvis .   a - +0 long sword
rCold    . . .     Gourm    .   (no shield)
rNeg     + . .     Faith    .   g - +1 scale mail
rPois    .         Spirit   .   k - +2 helmet
rElec    .         Reflect  .   (no cloak)
rCorr    .         Harm     .   (no gloves)
MR       .....                  (no boots)
Stlth    +.........             (no amulet)
HPRegen  0.16/turn              o - ring of positive energy
MPRegen  0.10/turn              (no ring)

@: brilliant
A: talons 1, iridescent scales 2, nightstalker 1
a: no special abilities


You were on level 5 of the Dungeon.
You were not hungry.

You visited 2 branches of the dungeon, and saw 6 of its levels.

You collected 254 gold pieces.

Inventory:

Hand Weapons
 a - a +0 long sword (weapon)
Missiles
 d - 5 throwing nets (quivered)
Armour
 b - a +0 leather armour
 c - a +0 helmet
 e - a +0 plate armour
 g - a +1 scale mail (worn)
 k - a +2 helmet (worn)
Jewellery
 o - a ring of positive energy (left hand)
 p - an uncursed ring of protection from magic {unknown}
 t - an uncursed ring of protection from cold {unknown}
Scrolls
 h - a scroll of fog
 j - 5 scrolls of identify
 m - 4 scrolls of remove curse
 n - a scroll of teleportation
 u - a scroll of magic mapping
Potions
 i - 2 potions of magic
 l - a potion of stabbing
 s - a potion of lignification
Comestibles
 f - 12 rations


   Skills:
 - Level 2.0 Fighting
 + Level 8.0 Long Blades
 - Level 1.7 Throwing
 - Level 2.6 Dodging


You had 6 spell levels left.
You didn't know any spells.
Your spell library contained the following spells:

 Spells                   Type           Power        Failure   Level  Hunger
 Animate Skeleton         Necr           N/A          85%         1    None
 Apportation              Tloc           #.....       85%         1    None
 Corona                   Hex            #......      85%         1    None
 Summon Small Mammal      Summ           #...         85%         1    None


Dungeon Overview and Level Annotations

Branches:
Dungeon (5/15)             Temple (1/1) D:5

Altars:
Ashenzari
Elyvilon
Fedhas
Gozag
Hepliaklqana
Kikubaaqudgha
Makhleb
Okawaru
Qazlal
Ru
Sif Muna
Vehumet
Xom
The Shining One


Innate Abilities, Weirdness & Mutations

You have sharp toenails.
You are mostly covered in iridescent scales. (AC +4)
You are slightly more attuned to the shadows.


Message History

You barely miss the ice beast. You claw the ice beast.
The ice beast is lightly wounded.
The ice beast closely misses you.
The crimson imp blinks!
Okay, then.
As you read the scroll labeled ABBYTI PUIR, it crumbles to dust.
You hear a loud clanging noise!
It was a scroll of noise.
The ice beast hits you but does no damage.
You barely miss the ice beast. You claw the ice beast.
The ice beast is moderately wounded.
The ice beast closely misses you.
You hit the ice beast but do no damage. You claw the ice beast.
The ice beast is moderately wounded.
The ice beast hits you but does no damage.
You barely miss the ice beast. You claw the ice beast.
The ice beast is moderately wounded.
The ice beast hits you.
* * * LOW HITPOINT WARNING * * *
The ice beast freezes you!
You die...

.......##.#............
#......'..<............
#......#####.#.........
#............#.........
####+#.#...#.#.##..####
#.#.#...#.#.......
#.#.# ..#.#.#..###
#.#.# .#.#.##.# #@#.#
#.#. #.## #####+#Y#..
#. #..# ........# #.
##.## .........?...
.#.###..# .......#.....
........# .......+.....
......... .......#.....
.......#. .......######
##.....#. .......#
..#######


You could see an ice beast.

Vanquished Creatures
  A phantom (D:5)
  A crimson imp (D:5)
  A centaur zombie (D:5)
  A quasit (D:5)
  An orc priest (D:3)
  3 orc wizards
  4 worker ants
  Robin (D:4)
  10 adders
  4 gnolls (D:3)
  2 oozes
  An adder skeleton (D:5)
  4 worms
  2 dart slugs
  5 leopard geckos
  18 orcs
  2 ball pythons
  5 giant cockroaches
  11 hobgoblins
  18 jackals
  9 bats
  4 frilled lizards
  15 goblins
  7 kobolds
  A leopard gecko skeleton (D:5)
  6 rats
137 creatures vanquished.

Notes
Turn   | Place    | Note
-------+----------+-------------------------------------------
     0 | D:1      | theswoord the Demonspawn Gladiator began the quest for the
                  | Orb.
     0 | D:1      | Reached XP level 1. HP: 16/16 MP: 1/1
    10 | D:1      | Reached skill level 3 in Long Blades
    74 | D:1      | Gained mutation: You have sharp toenails. [demonic
                  | ancestry]
    74 | D:1      | Reached XP level 2. HP: 21/22 MP: 2/2
   728 | D:1      | Gained mutation: You are partially covered in iridescent
                  | scales. (AC +2) [demonic ancestry]
   728 | D:1      | Reached XP level 3. HP: 23/27 MP: 3/3
   883 | D:2      | Found an iron altar of Okawaru.
   996 | D:2      | Reached skill level 4 in Long Blades
  1382 | D:2      | Found a white marble altar of Elyvilon.
  1664 | D:3      | Reached XP level 4. HP: 26/33 MP: 4/4
  1680 | D:3      | Reached skill level 5 in Long Blades
  1913 | D:3      | Reached XP level 5. HP: 38/38 MP: 5/5
  2686 | D:3      | Reached skill level 6 in Long Blades
  2957 | D:4      | Gained mutation: You are slightly more attuned to the
                  | shadows. [demonic ancestry]
  2957 | D:4      | Reached XP level 6. HP: 44/44 MP: 6/6
  3721 | D:4      | Noticed Robin
  3733 | D:4      | Killed Robin
  3986 | D:5      | Entered Level 5 of the Dungeon
  4028 | D:5      | Reached skill level 7 in Long Blades
  4219 | D:5      | Found a burning altar of Makhleb.
  4229 | D:5      | Found a staircase to the Ecumenical Temple.
  4246 | D:5      | Gained mutation: You are mostly covered in iridescent
                  | scales. (AC +4) [demonic ancestry]
  4246 | D:5      | Reached XP level 7. HP: 33/50 MP: 7/7
  4249 | Temple   | Entered the Ecumenical Temple
  4748 | D:5      | Found a stormy altar of Qazlal.
  5000 | D:5      | Found a hazy altar of Hepliaklqana.
  5132 | D:5      | Reached skill level 8 in Long Blades
  5143 | D:5      | Slain by an ice beast

Skill      XL: |  1  2  3  4  5  6  7 |
---------------+----------------------+-----
Long Blades    | 3 4 5 6 7 8 |  8.0
Fighting       | |  2.0
Throwing       | |  1.7
Dodging        | |  2.6

Action                   |  1- 3 |  4- 6 |  7- 9 || total
-------------------------+-------+-------+-------++-------
Melee: Long sword        |   118 |   268 |    76 ||   462
       Kick              |    32 |    64 |    28 ||   124
Throw: Throwing net      |       |     4 |       ||     4
  Use: Potion            |       |     5 |     1 ||     6
       Scroll            |       |     5 |     1 ||     6
 Stab: Held in net/web   |       |     1 |       ||     1
  Eat: Chunk             |     2 |     9 |     3 ||    14
Armor: Plate armour      |    47 |       |       ||    47
       Scale mail        |    47 |   148 |    47 ||   242
       Skin              |       |   108 |       ||   108
Dodge: Dodged            |    60 |   176 |    18 ||   254
       Rpst.: Long sword |    13 |    45 |     5 ||    63

Levels and vault maps discovered:
D:1:      saegor_arrival_under_anarchy, layout_basic
D:2:      layout_loops_corners, overflow_temple_1_default, okawaru_gym_becter
D:3:      layout_basic
D:4:      layout_basic, uniq_robin
D:5:      layout_basic, marbit_many_paths, grunt_qazlal_clouds, kennysheep_mini,
          zin_treasury, minmay_temple_entry_offerings, first_ration
Temple:   compressed_dpeg_triangle_lava_temple
